 Dungeon Crawl Stone Soup version 0.28.0-53-g5a82cb258f (webtiles) character file.

Game seed: 13723872858250393318

1743 Ijustatesigmund the Changer (level 9, 0/56 HPs)
             Began as an Octopode Venom Mage on July 18, 2022.
             Slain by a steam dragon (7 damage)
             ... on level 7 of the Dungeon on July 19, 2022.
             The game lasted 00:18:08 (8619 turns).

Ijustatesigmund the Changer (Octopode Venom Mage)   Turns: 8619, Time: 00:18:10

Health: 0/56       AC:  1    Str:  8    XL:     9   Next: 5%
Magic:  10/15      EV: 15    Int: 21    God:
Gold:   208        SH:  0    Dex: 18    Spells: 11/17 levels left

rFire   . . .      SeeInvis .   a - staff of poison
rCold   + . .      Faith    .   (no shield)
rNeg    . . .      Spirit   .   (helmet restricted)
rPois   +          Reflect  .   i - amulet of regeneration
rElec   .          Harm     .   m - +6 ring of dexterity
rCorr   .          Rampage  .   n - ring of protection from cold
Will    +....                   q - ring of willpower
Stlth   +++.......              (no ring)
HPRegen 0.98/turn               (no ring)
MPRegen 0.14/turn               (no ring)
                                (no ring)
                                (no ring)

@: no status effects
A: almost no armour, amphibious, 8 rings, camouflage 1, gelatinous body 1,
(nimble swimmer 1), tentacles
a: no special abilities


You were on level 7 of the Dungeon.
You visited 1 branch of the dungeon, and saw 7 of its levels.

You collected 268 gold pieces.
You spent 60 gold pieces at shops.

Inventory:

Hand Weapons
 b - a +0 spear
Magical Staves
 a - a staff of poison (weapon)
Jewellery
 d - a +6 ring of strength
 i - an amulet of regeneration (around mantle)
 k - a ring of protection from fire
 m - a +6 ring of dexterity (left tentacle)
 n - a ring of protection from cold (right tentacle)
 q - a ring of willpower (on tentacle)
Wands
 c - a wand of paralysis (5)
 g - a wand of flame (30)
Scrolls
 j - 2 scrolls of teleportation
 s - a scroll of vulnerability {unknown}
 t - 2 scrolls of fog
 u - a scroll of fear {unknown}
 v - a scroll of immolation
 w - a scroll of silence {unknown}
Potions
 e - a potion of brilliance
 f - a potion of heal wounds {unknown}
 h - a potion of attraction {unknown}
 l - a potion of lignification
 o - a potion of flight {unknown}
 p - a potion of curing
 r - a potion of berserk rage {unknown}


   Skills:
 - Level 3.0 Fighting
 - Level 1.5 Staves
 - Level 4.5 Dodging
 - Level 2.6 Stealth
 - Level 4.5 Spellcasting
 - Level 2.3 Conjurations
 - Level 5.7 Transmutations
 - Level 5.0 Air Magic
 - Level 4.0 Poison Magic
 + Level 2.0 Evocations


You had 11 spell levels left.
You knew the following spells:

 Your Spells              Type           Power      Damage    Failure   Level
a - Sting                 Tmut/Pois      100%       1d8       1%          1
b - Poisonous Vapours     Pois/Air       70%        N/A       2%          2
c - Mephitic Cloud        Conj/Pois/Air  31%        N/A       7%          3

Your spell library contained the following spells:

 Spells                   Type           Power      Damage    Failure   Level
 Blink                    Tloc           8%         N/A       17%         2
 Olgreb's Toxic Radiance  Pois           32%        N/A       22%         4
 Gell's Gravitas          Tloc           4%         N/A       34%         3
 Lesser Beckoning         Tloc           4%         N/A       34%         3
 Teleport Other           Tloc           4%         N/A       34%         3
 Manifold Assault         Tloc           4%         N/A       97%         5
 Dispersal                Tloc           2%         N/A       100%        6


Dungeon Overview and Level Annotations

Branches:
Dungeon (7/15)             Temple (0/1) D:7

Altars:
Kikubaaqudgha

Shops:
D:6 **


Innate Abilities, Weirdness & Mutations

You cannot wear most types of armour.
You are amphibious.
You can wear up to eight rings at the same time.
Your skin changes colour to match your surroundings (Stealth+).
Your rubbery body absorbs attacks. (AC +1, EV +1)
((You are camouflaged when in or above water. (Stealth+)))
You have tentacles for arms and can constrict up to eight enemies at once.


Message History

Aiming: Sting (safe; 1% risk of failure)
Press: ? - help, Shift-Dir - straight line, f/p - steam dragon
Aim: a steam dragon (lightly wounded, very poisoned, 78% to hit)
You feel a surge of power!
The sting hits the steam dragon.
The steam dragon looks as sick as possible!
The steam dragon is lightly wounded.
Casting: Sting (safe; 1% risk of failure)
Confirm with . or Enter, or press ? or * to list all spells.
Aiming: Sting (safe; 1% risk of failure)
Press: ? - help, Shift-Dir - straight line, f/p - steam dragon
Aim: a steam dragon (moderately wounded, extremely poisoned, 78% to hit)
You feel a surge of power!
The sting misses the steam dragon.
The steam dragon breathes steam at you. The ball of steam hits you!!
You hit the steam dragon but do no damage.
The steam dragon is heavily wounded.
The steam dragon completely misses you. The steam dragon barely misses you.
You hit the steam dragon.
The steam dragon is severely wounded.
The steam dragon bites you. The steam dragon claws you.
You hit the steam dragon but do no damage.
You envenom the steam dragon.
The steam dragon looks as sick as possible!
The steam dragon is almost dead.
The steam dragon breathes steam at you. The ball of steam hits you!
The steam dragon bites you!
* * * LOW HITPOINT WARNING * * *
The steam dragon claws you.
* * * LOW HITPOINT WARNING * * *
Casting: Sting (safe; 1% risk of failure)
Confirm with . or Enter, or press ? or * to list all spells.
Aiming: Poisonous Vapours (safe; 2% risk of failure)
Press: ? - help, Dir - move target, f/p - steam dragon
Aim: a steam dragon (almost dead, extremely poisoned)
You feel a surge of power!
Poisonous vapours surround the steam dragon!
The steam dragon looks as sick as possible!
The steam dragon bites you!
You die...

######.####..###.##..##..
##....#.......###+##..##..
#...^.............#.......
#..............<..#.......
###..##..########## ....
#..###'## .###. ##..
#..#....#...!.. #..
#..#....#...... #.
#..#...@D...... .
#..+...§#...>..
#..##.§#....#.# .
#############


You could see a steam dragon (extremely poisoned).

Vanquished Creatures
  2 water moccasins (D:6)
  2 ogres
  A necrophage (D:6)
  2 phantoms
  2 bullfrogs
  2 kobold brigands
  2 scorpions
  A wyvern zombie (D:7)
  A howler monkey (D:4)
  An electric eel (D:6)
  A bullfrog zombie (D:5)
  2 orc priests
  4 hounds
  A bullfrog skeleton (D:4)
  An orc wizard (D:6)
  3 iguanas (D:5)
  7 gnolls
  5 adders
  A shadow imp (D:7)
  2 white imps
  2 dart slugs
  15 orcs
  2 ball pythons
  7 endoplasms
  4 giant cockroaches
  7 goblins
  8 hobgoblins
  2 jackals (D:3)
  A quokka (D:2)
  3 bats
  3 frilled lizards (D:1)
  16 kobolds
  9 rats
122 creatures vanquished.

Vanquished Creatures (collateral kills)
  An orc priest (D:4)
  An orc (D:4)
2 creatures vanquished.

Vanquished Creatures (others)
  A human (D:4)
1 creature vanquished.

Grand Total: 125 creatures vanquished

Notes
Turn   | Place    | Note
-------+----------+-------------------------------------------
     0 | D:1      | Ijustatesigmund the Octopode Venom Mage began the quest for
                  | the Orb.
     0 | D:1      | Reached XP level 1. HP: 11/11 MP: 3/3
   392 | D:1      | Reached XP level 2. HP: 17/17 MP: 3/5
   606 | D:1      | Learned a level 2 spell: Poisonous Vapours
   826 | D:1      | Found a faded altar of an unknown god.
  1069 | D:1      | Reached XP level 3. HP: 21/21 MP: 3/6
  1073 | D:1      | Learned a level 3 spell: Mephitic Cloud
  2203 | D:2      | Found the +4 robe of Augmentation {Str+4 Int+4 Dex+4}
  2267 | D:2      | Reached skill level 1 in Air Magic
  3187 | D:3      | Reached XP level 4. HP: 17/27 MP: 4/7
  4236 | D:3      | Reached skill level 1 in Fighting
  4236 | D:3      | Reached skill level 1 in Staves
  4236 | D:3      | Reached XP level 5. HP: 26/33 MP: 2/8
  4947 | D:4      | Reached XP level 6. HP: 38/38 MP: 2/9
  5540 | D:4      | Reached XP level 7. HP: 39/43 MP: 9/11
  5890 | D:4      | Found an ancient bone altar of Kikubaaqudgha.
  5891 | D:4      | Noticed a human
  5893 | D:4      | Killed a human
  6077 | D:5      | Entered Level 5 of the Dungeon
  6867 | D:5      | Reached XP level 8. HP: 48/48 MP: 6/13
  6989 | D:6      | Found Otrolluh's Overcharged Wands.
  7046 | D:6      | Reached skill level 5 in Transmutations
  7117 | D:6      | Reached skill level 1 in Conjurations
  7129 | D:6      | Noticed a gargoyle
  7389 | D:6      | Found Sytoufitt's General Store.
  7398 | D:6      | Bought a scroll of identify for 30 gold pieces
  7398 | D:6      | Bought a scroll of fog for 30 gold pieces
  8079 | D:7      | Reached skill level 5 in Air Magic
  8215 | D:7      | Reached XP level 9. HP: 20/56 MP: 15/15
  8592 | D:7      | Found a staircase to the Ecumenical Temple.
  8619 | D:7      | Slain by a steam dragon

Illustrated notes

Levels and vault maps discovered:
D:1:      dpeg_arrival_another_circle, layout_basic,
          hellmonk_ecumenical_altar_leap_of_faith, grunt_decor_fettered
D:2:      layout_basic
D:3:      layout_loops_ring
D:4:      layout_loops_corners, tgw_kikubaaqudgha
D:5:      cheibrodos_quashed, layout_basic, nicolae_figureground_sparkle
D:6:      layout_basic, serial_shops, shop, nicolae_lava_and_water,
          nicolae_shop_overcharged_wands, uniq_maggie
D:7:      layout_gridville, temple_statues

Skill      XL: |  1  2  3  4  5  6  7  8  9 |
---------------+----------------------------+-----
Transmutations | 2 3 4 5 |  5.7
Poison Magic   | 4 |  4.0
Air Magic      | 1 2 3 5 |  5.0
Fighting       | 1 3 |  3.0
Staves         | 1 |  1.5
Dodging        | 3 4 |  4.5
Spellcasting   | 3 4 |  4.5
Conjurations   | 2 |  2.3
Evocations     | 2 |  2.0
Stealth        | |  2.6

Action                   |  1- 3 |  4- 6 |  7- 9 || total
-------------------------+-------+-------+-------++-------
Melee: Spear             |     5 |       |       ||     5
       Unarmed           |     2 |       |       ||     2
       Tentacles         |    13 |    10 |    28 ||    51
       Staff             |    52 |    46 |   165 ||   263
       Constrict         |    14 |     9 |    25 ||    48
       Punch             |       |       |     4 ||     4
 Cast: Sting             |    28 |    24 |    43 ||    95
       Poisonous Vapours |    14 |    14 |    25 ||    53
       Mephitic Cloud    |     1 |     1 |     5 ||     7
Evoke: Wand              |       |     5 |    12 ||    17
  Use: Scroll            |     3 |     1 |     6 ||    10
       Potion            |       |       |     8 ||     8
 Stab: Sleeping          |     2 |       |       ||     2
       Confused          |       |     1 |       ||     1
       Invisible         |       |       |     1 ||     1
Armor: Skin              |     4 |     3 |    44 ||    51
Dodge: Dodged            |    32 |    26 |   114 ||   172
